[Event "Turkish Women-ch Arzum 2022"]
[Site "Ayvalik"]
[Date "2022.03.08"]
[Round "5.32"]
[White "Senkal, Defne"]
[Black "Kum, Busra"]
[Result "1-0"]
[ECO "C42"]
[WhiteElo "1247"]
[BlackElo "1062"]
[Annotator "NA"]
[PlyCount "135"]
[EventDate "2022.03.04"]
[EventType "swiss"]
[EventCountry "TUR"]
[SourceTitle "playchess.com"]
[Source "ChessBase"]
[SourceQuality "1"]
[TimeControl "5400+30"]

1. e4 e5 2. Nf3 Nf6 3. Nxe5 d6 4. Nf3 Nxe4 5. Nc3 Nxc3 6. dxc3 Bg4 7. Be2 Nc6 8. Be3 Qd7 9. Qd2 Be7 10. h3 Bf5 11. Nd4 Bg6 12. Bg4 f5 13. Bf3 Bf6 14. Nxc6 bxc6 15. Qe2 O-O 16. O-O Rfe8 17. Qc4+ d5 18. Qa4 Qd6 19. Rfe1 a5 20. Rad1 Reb8 21. Bf4 Qc5 22. Be3 Qd6 23. Bc1 Be8 24. Rd3 Kh8 25. b3 c5 26. Qa3 c6 27. Be3 Be7 28. Qc1 Qd8 29. c4 d4 30. Bf4 Bd6 31. c3 Bxf4 32. Qxf4 Qf6 33. cxd4 cxd4 34. Rxd4 g5 35. Qe5 Qxe5 36. Rxe5 a4 37. Rxf5 h6 38. Rd6 axb3 39. axb3 Rxb3 40. Rff6 Ra1+ 41. Kh2 Kg7 42. Bxc6 Bxc6 43. Rxc6 Rc3 44. Rxh6 Rac1 45. Rhg6+ Kf7 46. Rxg5 Rxc4 47. Rxc4 Rxc4 48. Rg4 Rc3 49. h4 Kf6 50. Rg3 Rc2 51. f3 Rc8 52. Rh3 Kg6 53. h5+ Kh6 54. g4 Kh7 55. g5 Rc5 56. Rg3 Kh8 57. Kh3 Rd5 58. Kh4 Re5 59. h6 Rd5 60. Rg4 Rd1 61. Kh5 Re1 62. g6 Rh1+ 63. Kg5 Rh2 64. f4 Rf2 65. Kf5 Kg8 66. Kf6 Rxf4+ 67. Rxf4 Kf8 68. h7 1-0

[Event "Turkish Women-ch Arzum 2022"]
[Site "Ayvalik"]
[Date "2022.03.09"]
[Round "6.11"]
[White "Can, Isil"]
[Black "Zengin, Ovgu"]
[Result "1-0"]
[ECO "B43"]
[WhiteElo "1875"]
[BlackElo "1475"]
[Annotator "NA RC"]
[PlyCount "70"]
[EventDate "2022.03.04"]
[EventType "swiss"]
[EventCountry "TUR"]
[SourceTitle "playchess.com"]
[Source "ChessBase"]
[SourceQuality "1"]
[TimeControl "5400+30"]

1. e4 c5 2. Nf3 e6 3. d4 cxd4 4. Nxd4 a6 5. Nc3 Qc7 6. a3 Nf6 7. Be3 {7.f4 is the modern continuation.} b5 8. Bd3 Bb7 9. f3 d5 10. exd5 Nxd5 11. Nxd5 Bxd5 12. O-O Bd6 13. h3 {[%emt 0:00:30] [#]} Nd7 $146 ({Predecessor:} 13... Nc6 14. Qd2 Nxd4 15. Bxd4 Bf4 16. Qf2 Bh2+ 17. Kh1 Bg3 18. Qd2 e5 19. Bf2 Bf4 {1-0 (58) Zheng,J (1583)-Ivan,A (1300) England 2019}) 14. Kh1 (14. a4 $11) 14... Nf6 {[%emt 0:01:30] [#]} (14... Ne5 $15) 15. Bxb5+ $1 Ke7 16. Bd3 Nh5 (16... Bc4 $16 {is a better defense.}) 17. Ne2 ({Better is} 17. Re1) 17... Be5 (17... Bc4 $16) 18. c4 Bb7 19. Qc2 Rhb8 20. Rab1 ({But not} 20. Bxh7 $6 g6 $16) 20... Nf6 21. f4 Qc6 22. Rg1 Bc7 23. Nd4 Qd7 24. Rgf1 ({And not} 24. Bxh7 Rh8 25. Rgd1 (25. Qb3 $2 Rab8 $19) 25... Ke8 $11) 24... g6 (24... h6 $142 25. Rbd1 Kf8) 25. Rbd1 Qc8 $2 (25... Rg8 26. Qf2 Kf8) 26. f5 e5 {[%emt 0:03:30] [#]} 27. Bg5 $1 exd4 28. Rde1+ Kf8 29. Bxf6 Qd7 30. Qd2 Kg8 31. Qh6 Bxg2+ 32. Kg1 Bh2+ 33. Kxh2 Qd6+ 34. Be5 Qf8 35. Qxf8+ (35. Qg5 $142 Qe8 36. fxg6 fxg6 37. Qxg2 Ra7 38. Qd5+ Rf7 39. Rxf7 Qxf7 40. Bxb8) 35... Kxf8 $18 1-0

[Event "Turkish Women-ch Arzum 2022"]
[Site "Ayvalik"]
[Date "2022.03.09"]
[Round "6.12"]
[White "Kucuk, Aybike"]
[Black "Demirtas, Hafize"]
[Result "1/2-1/2"]
[ECO "A18"]
[WhiteElo "1439"]
[BlackElo "1779"]
[Annotator "NA RC"]
[PlyCount "125"]
[EventDate "2022.03.04"]
[EventType "swiss"]
[EventCountry "TUR"]
[SourceTitle "playchess.com"]
[Source "ChessBase"]
[SourceQuality "1"]
[TimeControl "5400+30"]

1. c4 Nf6 2. Nc3 e6 3. e4 d5 4. e5 Ne4 5. Nxe4 dxe4 6. Qg4 Nc6 7. Qxe4 Bc5 8. Nf3 f6 9. Be2 fxe5 10. O-O Bd4 11. d3 Qd6 12. Ng5 Ne7 13. Nxh7 g6 14. Nf6+ Kd8 15. Bg5 Bd7 16. Nxd7 Kxd7 17. Rab1 a5 18. a3 Raf8 19. b4 a4 20. c5 Qd5 21. Bxe7 Kxe7 22. Bf3 Qd8 23. h3 c6 24. Qg4 Rf6 25. b5 Bxc5 26. bxc6 b6 27. Qxa4 Rxf3 28. gxf3 Bd4 29. Kg2 Kf7 30. Rh1 Qg5+ 31. Kf1 Qd2 32. Rh2 Qxd3+ 33. Kg2 Qxb1 34. c7 Ke7 35. Qa7 Kf6 36. Qb8 Rxb8 37. cxb8=Q Kg7 38. Qd8 Bc5 39. Qd7+ Kh6 40. Qd2+ Kg7 41. h4 e4 42. fxe4 Qxe4+ 43. f3 Qe5 44. Qd7+ Kh6 45. Qd2+ Be3 46. Qb4 Bc5 47. Qd2+ Kg7 48. Qd7+ Kg8 49. Qd8+ Kf7 50. Qd7+ Be7 51. Rh1 Qb2+ 52. Kg3 Qf6 53. Qc7 Qb2 54. h5 g5 55. h6 Kg6 56. Qxe7 Qe5+ 57. Kf2 Qd4+ 58. Ke2 Qc4+ 59. Kd2 Qd4+ 60. Ke2 Qe5+ 61. Kd1 Qd4+ 62. Ke1 Qe3+ 63. Kd1 1/2-1/2

[Event "Turkish Women-ch Arzum 2022"]
[Site "Ayvalik"]
[Date "2022.03.09"]
[Round "6.13"]
[White "Acar, Ilayda"]
[Black "Yurdakul, Didem Nuray"]
[Result "1/2-1/2"]
[ECO "B52"]
[WhiteElo "1460"]
[BlackElo "1804"]
[Annotator "NA RC"]
[PlyCount "149"]
[EventDate "2022.03.04"]
[EventType "swiss"]
[EventCountry "TUR"]
[SourceTitle "playchess.com"]
[Source "ChessBase"]
[SourceQuality "1"]
[TimeControl "5400+30"]

1. e4 c5 2. Nf3 d6 3. Bb5+ Bd7 4. Bxd7+ Qxd7 5. c4 Nc6 6. Nc3 Nf6 7. d4 cxd4 8. Nxd4 g6 9. f3 Bg7 10. Be3 O-O 11. O-O Qc7 12. b3 Rfc8 13. Qd2 Nxd4 14. Bxd4 Qa5 15. Rad1 a6 16. Nd5 (16. Bxf6 $16 Bxf6 17. Nd5 Qc5+ 18. Qf2) 16... Qxd2 17. Nxf6+ Bxf6 18. Rxd2 Kg7 19. f4 Bxd4+ 20. Rxd4 b5 21. Rf2 (21. Rc1 $11 {feels stronger.}) 21... bxc4 22. Rxc4 Rxc4 23. bxc4 Rc8 24. Rc2 Rc5 25. Kf2 $1 h5 26. Ke3 Kf6 27. h4 (27. Kd4 $11) 27... Ke6 28. Kd4 Kd7 29. Rc3 Ra5 $1 30. a3 Kc6 (30... f6 $5 ) 31. e5 e6 32. exd6 Kxd6 33. c5+ Kc6 34. Ke5 Rb5 35. Kf6 Rb7 36. Ke5 Rd7 37. g3 Rd5+ 38. Kf6 Rf5+ 39. Ke7 a5 40. a4 e5 41. fxe5 g5 {[%emt 0:03:30] [#]} (41... Rf2 $142 42. Rb3 Rf5 43. Rb6+ Kc7) 42. hxg5 $1 Rxe5+ 43. Kf6 Rd5 44. Rc4 Rd7 45. Kg7 Kd5 46. Rf4 Kxc5 47. Rxf7 Rd3 48. Kh6 (48. g6 $142 Kb4 49. Rf4+ Kb3 50. Kh7) 48... Rxg3 49. Kxh5 Kb4 50. Rf4+ Kc5 51. g6 (51. Rg4 $142 Rh3+ 52. Kg6 Kd6 53. Rf4 Ke7 54. Rf5 Rh4 55. Rxa5 Ke6 56. Ra6+ Ke5 57. Kf7) 51... Kd6 52. Rg4 Rh3+ 53. Kg5 (53. Rh4 $142 Rg3 54. Kh6 Ke6 55. g7 Kf7 56. Rf4+ Ke6 57. Kh7 Rh3+ 58. Kg8) 53... Ke7 54. Re4+ $2 (54. Rf4 Rg3+ 55. Kh6 (55. Rg4 Rxg4+ 56. Kxg4 Kf6 $11)) 54... Kf8 55. Rf4+ Kg7 56. Rf7+ Kg8 57. Ra7 Rg3+ 58. Kf5 Rf3+ 59. Kg4 Rf6 60. Kg5 Rf1 61. Rxa5 Rg1+ 62. Kf6 Rf1+ 63. Rf5 Rc1 64. a5 Rc6+ 65. Kg5 Rc1 66. a6 $18 (66. Rb5 $142 Rg1+ 67. Kf6 Rf1+ 68. Ke7 Ra1 69. Kd6 Kg7 70. Kc7 Kxg6 71. Rb6+ Kh5 72. a6) 66... Rg1+ 67. Kf6 Ra1 68. Re5 Rxa6+ 69. Kg5 Ra1 70. Re8+ Kg7 71. Re7+ Kg8 72. Kh6 Rh1+ 73. Kg5 Rg1+ 74. Kf6 Rf1+ 75. Ke5 1/2-1/2

[Event "Turkish Women-ch Arzum 2022"]
[Site "Ayvalik"]
[Date "2022.03.09"]
[Round "6.14"]
[White "Keskinler, Ela"]
[Black "Kayis, Gulcan Sena"]
[Result "0-1"]
[ECO "B13"]
[WhiteElo "1400"]
[BlackElo "1597"]
[Annotator "NA RC"]
[PlyCount "50"]
[EventDate "2022.03.04"]
[EventType "swiss"]
[EventCountry "TUR"]
[SourceTitle "playchess.com"]
[Source "ChessBase"]
[SourceQuality "1"]
[TimeControl "5400+30"]

1. e4 c6 2. Nc3 d5 3. d4 Nf6 4. exd5 cxd5 5. Nf3 Nc6 6. h3 Bf5 7. Be3 e6 8. Qd2 Qb6 9. Na4 Qb4 10. b3 Bxc2 11. Qxb4 Bxb4+ 12. Bd2 O-O 13. Rc1 Be4 14. Bxb4 Nxb4 15. Nc3 Rac8 16. Kd2 Bg6 17. a3 Rxc3 18. Kxc3 Na2+ 19. Kb2 Nxc1 20. Kxc1 Rc8+ 21. Kb2 Rc2+ 22. Ka1 Rxf2 23. Rg1 Ne4 24. Kb1 Nc3+ 25. Kc1 Rc2# 0-1

[Event "Turkish Women-ch Arzum 2022"]
[Site "Ayvalik"]
[Date "2022.03.09"]
[Round "6.15"]
[White "Ozer, Melike Busra"]
[Black "Karatiken, Seray"]
[Result "0-1"]
[ECO "B44"]
[WhiteElo "1300"]
[BlackElo "1717"]
[Annotator "NA RC"]
[PlyCount "112"]
[EventDate "2022.03.04"]
[EventType "swiss"]
[EventCountry "TUR"]
[SourceTitle "playchess.com"]
[Source "ChessBase"]
[SourceQuality "1"]
[TimeControl "5400+30"]

1. e4 c5 2. Nf3 e6 3. d4 cxd4 4. Nxd4 Nc6 5. c4 Nf6 6. Nc3 Bb4 7. Nxc6 bxc6 8. Bd3 e5 9. O-O Bc5 10. Bg5 h6 11. Bh4 d6 12. a3 a5 13. Kh1 O-O 14. Qd2 Be6 15. f4 Nxe4 16. Qe1 Ng5 17. fxg5 hxg5 18. Bf2 Bxf2 19. Rxf2 f5 20. Rd1 e4 21. Rfd2 Ra7 22. Bf1 Rd7 23. b4 d5 24. cxd5 cxd5 25. Nxd5 Rxd5 26. Bc4 Rxd2 27. Bxe6+ Kh7 28. Qxd2 Qf6 29. Bd5 axb4 30. axb4 Re8 31. Qe3 Rd8 32. Qe1 Qe5 33. Bc6 Rf8 34. b5 e3 35. Qe2 Kg6 36. g3 Rh8 37. Kg2 f4 38. Qd3+ Kh5 39. Re1 Qb2+ 40. Re2 Qf6 41. Qe4 Kh6 42. Kf3 g4+ 43. Kxg4 Qg5+ 44. Kf3 Qh5+ 45. g4 Qh3+ 46. Kxf4 Rf8+ 47. Ke5 Qf1 48. Qxe3+ Kh7 49. Be4+ Kh8 50. Kd4 Rd8+ 51. Kc5 Qf8+ 52. Kc4 Qf7+ 53. Kb4 Qe7+ 54. Qc5 Rd4+ 55. Ka5 Qxc5 56. Bc6 Qa7# 0-1

[Event "Turkish Women-ch Arzum 2022"]
[Site "Ayvalik"]
[Date "2022.03.09"]
[Round "6.16"]
[White "Gonultas, Bakriya Anastasiya"]
[Black "Kipik, Feyza"]
[Result "0-1"]
[ECO "B30"]
[WhiteElo "1232"]
[BlackElo "1603"]
[Annotator "NA RC"]
[PlyCount "88"]
[EventDate "2022.03.04"]
[EventType "swiss"]
[EventCountry "TUR"]
[SourceTitle "playchess.com"]
[Source "ChessBase"]
[SourceQuality "1"]
[TimeControl "5400+30"]

1. e4 c5 2. Bc4 Nc6 3. Nf3 g6 4. Ng5 Ne5 5. Be2 Bg7 6. O-O h6 7. Nh3 d6 8. f4 Nc6 9. Nf2 Nf6 10. Nc3 b6 11. d3 Bb7 12. Bf3 Nd4 13. Be3 Nxf3+ 14. Qxf3 d5 15. e5 Nh7 16. Bd2 Qd7 17. Qg3 O-O-O 18. a4 g5 19. a5 b5 20. a6 Bc6 21. b4 Rdg8 22. bxc5 gxf4 23. Qxf4 Ng5 24. Rae1 d4 25. Nce4 Bxe5 26. Qg4 f5 27. Qd1 fxe4 28. Bxg5 Rxg5 29. dxe4 Rhg8 30. g3 Qc7 31. Nh3 R5g7 32. Rf3 h5 33. Ref1 Qd7 34. Rf8+ Kc7 35. Qd2 Qxh3 36. Qa5+ Kd7 37. Qd8+ Ke6 38. Rxg8 Bxg3 39. Rf6+ Kxf6 40. Qf8+ Ke6 41. Rxg7 Qxh2+ 42. Kf1 Qh1+ 43. Ke2 Qxe4+ 44. Kf1 Qe1# 0-1

[Event "Turkish Women-ch Arzum 2022"]
[Site "Ayvalik"]
[Date "2022.03.09"]
[Round "6.17"]
[White "Dal, Nurseda"]
[Black "Salt, Ilayda"]
[Result "0-1"]
[ECO "B22"]
[WhiteElo "1116"]
[BlackElo "1594"]
[Annotator "NA RC"]
[PlyCount "38"]
[EventDate "2022.03.04"]
[EventType "swiss"]
[EventCountry "TUR"]
[SourceTitle "playchess.com"]
[Source "ChessBase"]
[SourceQuality "1"]
[TimeControl "5400+30"]

1. e4 c5 2. c3 Nc6 3. Nf3 g6 4. d4 cxd4 5. cxd4 Bg7 6. Nc3 d6 7. Bb5 Bd7 8. O-O Nf6 9. Bxc6 Bxc6 10. d5 Bd7 11. h3 O-O 12. Bf4 b5 13. Nd4 b4 14. Nce2 Nxe4 15. Rb1 a5 16. Bh2 Qb6 17. Qd3 Nf6 18. Qf3 Rac8 19. Rfd1 Bb5 0-1

[Event "Turkish Women-ch Arzum 2022"]
[Site "Ayvalik"]
[Date "2022.03.09"]
[Round "6.18"]
[White "Karatiken, Beray"]
[Black "Gur, Tuba"]
[Result "1-0"]
[ECO "B26"]
[WhiteElo "1380"]
[BlackElo "1750"]
[Annotator "NA RC"]
[PlyCount "49"]
[EventDate "2022.03.04"]
[EventType "swiss"]
[EventCountry "TUR"]
[SourceTitle "playchess.com"]
[Source "ChessBase"]
[SourceQuality "1"]
[TimeControl "5400+30"]

1. e4 c5 2. d3 Nc6 3. Be3 d6 4. Nc3 g6 5. g3 Bg7 6. Bg2 Nd4 7. Qd2 Nf6 8. h3 e5 9. Nce2 O-O 10. Nxd4 cxd4 11. Bh6 Be6 12. g4 Qb6 13. b3 Rac8 14. Bxg7 Kxg7 15. Ne2 Rc7 16. f4 exf4 17. Nxf4 Rfc8 18. Nxe6+ fxe6 19. Rc1 Nd7 20. O-O Ne5 21. Qg5 Re8 22. Rf2 Nxd3 23. cxd3 Rxc1+ 24. Qxc1 h6 25. Qf4 1-0

[Event "Turkish Women-ch Arzum 2022"]
[Site "Ayvalik"]
[Date "2022.03.09"]
[Round "6.19"]
[White "Alagoz, Zumra Meryem"]
[Black "Bursali, Ela"]
[Result "1-0"]
[ECO "D15"]
[WhiteElo "1573"]
[BlackElo "1353"]
[Annotator "NA RC"]
[PlyCount "93"]
[EventDate "2022.03.04"]
[EventType "swiss"]
[EventCountry "TUR"]
[SourceTitle "playchess.com"]
[Source "ChessBase"]
[SourceQuality "1"]
[TimeControl "5400+30"]

1. d4 d5 2. c4 c6 3. Nf3 dxc4 4. g3 Bf5 5. Nc3 Nf6 6. Bg2 Nbd7 7. a4 e6 8. O-O Bb4 9. Nd2 Nb6 10. Nde4 Nxe4 11. Nxe4 O-O 12. Nc3 Bg6 13. e4 f6 14. Be3 Rc8 15. Qe2 c5 16. Rfd1 cxd4 17. Bxd4 Qe7 18. Nb5 Bc5 19. a5 Bxd4 20. Nxd4 Nd7 21. Nb5 a6 22. Nd6 Rc7 23. Nxc4 Qc5 24. Bf1 Bh5 25. g4 Qg5 26. h3 Bf7 27. Qe3 Qxe3 28. Nxe3 Nc5 29. Rac1 Rfc8 30. b4 Nd7 31. Rxc7 Rxc7 32. f4 Kf8 33. Kf2 Ke7 34. Bc4 Nb8 35. f5 e5 36. Bxf7 Kxf7 37. Rd2 Nc6 38. Nd5 Rd7 39. Rc2 Rd8 40. Rc5 Ra8 41. Ke3 Rd8 42. b5 axb5 43. Rxb5 Rd7 44. Rc5 Ke8 45. a6 Ne7 46. a7 Rd8 47. Nc7+ 1-0

[Event "Turkish Women-ch Arzum 2022"]
[Site "Ayvalik"]
[Date "2022.03.09"]
[Round "6.20"]
[White "Gedik, Eylul Ceren"]
[Black "Alev, Gonulden Seda"]
[Result "1-0"]
[ECO "B94"]
[WhiteElo "1282"]
[BlackElo "1561"]
[Annotator "NA RC"]
[PlyCount "55"]
[EventDate "2022.03.04"]
[EventType "swiss"]
[EventCountry "TUR"]
[SourceTitle "playchess.com"]
[Source "ChessBase"]
[SourceQuality "1"]
[TimeControl "5400+30"]

1. e4 c5 2. Nf3 d6 3. d4 cxd4 4. Nxd4 Nf6 5. Nc3 a6 6. Bg5 e5 7. Nf5 Bxf5 8. exf5 Be7 9. g4 Nc6 10. Bg2 h6 11. Bxf6 Bxf6 12. O-O O-O 13. Nd5 Bh4 14. Qe2 Nd4 15. Qd3 Rc8 16. c3 Nc6 17. Rad1 Qg5 18. h3 Rcd8 19. Rfe1 Nb8 20. f6 gxf6 21. Ne7+ Kh8 22. Nf5 h5 23. Nxd6 f5 24. Rxe5 Bxf2+ 25. Kh1 Qg6 26. Rxf5 Bb6 27. Rxh5+ Kg8 28. Be4 1-0

[Event "Turkish Women-ch Arzum 2022"]
[Site "Ayvalik"]
[Date "2022.03.09"]
[Round "6.21"]
[White "Tanir, Simay"]
[Black "Susin, Derya Defne"]
[Result "1-0"]
[ECO "E46"]
[WhiteElo "1510"]
[BlackElo "1285"]
[Annotator "NA RC"]
[PlyCount "101"]
[EventDate "2022.03.04"]
[EventType "swiss"]
[EventCountry "TUR"]
[SourceTitle "playchess.com"]
[Source "ChessBase"]
[SourceQuality "1"]
[TimeControl "5400+30"]

1. d4 Nf6 2. c4 e6 3. Nc3 Bb4 4. e3 O-O 5. Nge2 d5 6. a3 Be7 7. Ng3 a6 8. cxd5 exd5 9. Bd3 Re8 10. O-O Nbd7 11. f3 Nf8 12. Bc2 c5 13. Nce2 Ng6 14. dxc5 Bxc5 15. Nd4 Ne5 16. b3 Be6 17. Bb2 Rc8 18. Nxe6 Rxe6 19. Bf5 Bxe3+ 20. Kh1 d4 21. Bxe6 fxe6 22. Re1 Ng6 23. Nf1 Nd5 24. Nxe3 Nxe3 25. Qxd4 Qxd4 26. Bxd4 Nf5 27. Bf2 Rc2 28. Kg1 Nf4 29. Kf1 Ne7 30. g3 Nh3 31. Re2 Rc3 32. Rxe6 Nf5 33. g4 Rxf3 34. gxf5 Rxf2+ 35. Ke1 Rxh2 36. Rd1 Nf4 37. Rd8+ Kf7 38. Rd7+ Kf8 39. Ree7 Nd3+ 40. Kd1 Nb2+ 41. Kc1 Nd3+ 42. Kb1 Nc5 43. Rf7+ Ke8 44. Rde7+ Kd8 45. Rxg7 Rh1+ 46. Kc2 Rh2+ 47. Kc3 Rh3+ 48. Kc4 Nxb3 49. f6 Na5+ 50. Kd5 Rxa3 51. Rg8# 1-0

[Event "Turkish Women-ch Arzum 2022"]
[Site "Ayvalik"]
[Date "2022.03.09"]
[Round "6.23"]
[White "Aydogan, Arya"]
[Black "Sahin, Cagla Yudum"]
[Result "1/2-1/2"]
[ECO "C48"]
[WhiteElo "1328"]
[BlackElo "1162"]
[Annotator "NA RC"]
[PlyCount "74"]
[EventDate "2022.03.04"]
[EventType "swiss"]
[EventCountry "TUR"]
[SourceTitle "playchess.com"]
[Source "ChessBase"]
[SourceQuality "1"]
[TimeControl "5400+30"]

1. e4 e5 2. Nf3 Nc6 3. Nc3 Nf6 4. Bb5 Nd4 5. Bc4 Bc5 6. d3 d6 7. h3 c6 8. a4 O-O 9. O-O h6 10. Ba2 Be6 11. Be3 Qb6 12. Rb1 a5 13. Bxe6 Nxe6 14. Bxc5 Qxc5 15. Re1 Nh5 16. Qd2 Nhf4 17. Qe3 Rfe8 18. Kh2 Rad8 19. g3 Ng6 20. h4 Nd4 21. Rbc1 Re6 22. Nd1 Qb4 23. Nxd4 exd4 24. Qe2 Qxa4 25. f4 Ree8 26. b3 Qb5 27. Nf2 Ne7 28. Qf3 Qb4 29. g4 Qc3 30. g5 Kh7 31. f5 Qc5 32. Rg1 Qe5+ 33. Kg2 Rh8 34. Ng4 Qc5 35. Qf4 h5 36. Nf2 Qe5 37. Qf3 g6 1/2-1/2

[Event "Turkish Women-ch Arzum 2022"]
[Site "Ayvalik"]
[Date "2022.03.09"]
[Round "6.24"]
[White "Oztatar, Meleknaz"]
[Black "Engin, Cagla"]
[Result "1/2-1/2"]
[ECO "E61"]
[WhiteElo "1063"]
[BlackElo "1436"]
[Annotator "NA RC"]
[PlyCount "60"]
[EventDate "2022.03.04"]
[EventType "swiss"]
[EventCountry "TUR"]
[SourceTitle "playchess.com"]
[Source "ChessBase"]
[SourceQuality "1"]
[TimeControl "5400+30"]

1. d4 d6 2. c4 g6 3. Nc3 Bg7 4. Nf3 Nf6 5. Bg5 Nbd7 6. e3 O-O 7. Bd3 c6 8. O-O h6 9. Bh4 g5 10. Bg3 Nh5 11. Qc2 e5 12. Rfd1 Qe7 13. a3 Nxg3 14. hxg3 Nf6 15. d5 cxd5 16. cxd5 Bg4 17. e4 Rac8 18. Qd2 Nd7 19. b4 Nb6 20. Rdc1 f5 21. Nh2 fxe4 22. Bxe4 Bf5 23. Nf1 Nc4 24. Qe2 Nb6 25. Ne3 Bxe4 26. Nxe4 Rc7 27. g4 Rfc8 28. Rxc7 Qxc7 29. Rd1 Na4 30. Nf5 Bf8 1/2-1/2

[Event "Turkish Women-ch Arzum 2022"]
[Site "Ayvalik"]
[Date "2022.03.09"]
[Round "6.25"]
[White "Turunz, Dilek"]
[Black "Mullakutukcu, Ela"]
[Result "1-0"]
[ECO "E18"]
[WhiteElo "1443"]
[BlackElo "1154"]
[Annotator "NA RC"]
[PlyCount "97"]
[EventDate "2022.03.04"]
[EventType "swiss"]
[EventCountry "TUR"]
[SourceTitle "playchess.com"]
[Source "ChessBase"]
[SourceQuality "1"]
[TimeControl "5400+30"]

1. c4 Nf6 2. g3 e6 3. Bg2 Be7 4. Nf3 O-O 5. O-O c5 6. Nc3 d5 7. cxd5 exd5 8. d4 b6 9. Qb3 c4 10. Qc2 Bb7 11. b3 Na6 12. Ne5 cxb3 13. Qxb3 Nc7 14. a4 Ne6 15. Rd1 a6 16. Rb1 Qc7 17. Be3 Rac8 18. Rdc1 Qd6 19. Qxb6 Qxb6 20. Rxb6 Ba3 21. Rcb1 Rxc3 22. Rxb7 Bd6 23. Nd7 Nxd7 24. Rxd7 Ba3 25. Bxd5 Nc7 26. Be4 Re8 27. Bd3 a5 28. Rb7 Ne6 29. Rxf7 Bf8 30. Rf5 Bb4 31. Re5 Bd6 32. Rxa5 Nd8 33. Rd7 Bb4 34. Ra8 Be7 35. Bd2 Ra3 36. Bb5 Bf6 37. Ba5 Ra1+ 38. Kg2 Rb1 39. Bxd8 Bxd8 40. Rdxd8 Kf7 41. Rab8 Kf6 42. a5 Kg5 43. a6 Ra1 44. Rb7 g6 45. a7 Kh6 46. Bc6 Ra6 47. a8=Q Rxa8 48. Rxh7+ Kxh7 49. Bxa8 1-0

[Event "Turkish Women-ch Arzum 2022"]
[Site "Ayvalik"]
[Date "2022.03.09"]
[Round "6.26"]
[White "Gulceken, Sumeyye"]
[Black "Topal, Berfin"]
[Result "1-0"]
[ECO "D37"]
[WhiteElo "1591"]
[BlackElo "1322"]
[Annotator "NA RC"]
[PlyCount "81"]
[EventDate "2022.03.04"]
[EventType "swiss"]
[EventCountry "TUR"]
[SourceTitle "playchess.com"]
[Source "ChessBase"]
[SourceQuality "1"]
[TimeControl "5400+30"]

1. d4 d5 2. c4 e6 3. Nc3 Nf6 4. Nf3 Nbd7 5. e3 b6 6. Bd3 Bb7 7. cxd5 Nxd5 8. e4 Nxc3 9. bxc3 Nf6 10. Qa4+ Qd7 11. Bb5 c6 12. Bd3 b5 13. Qc2 a6 14. Bg5 Be7 15. O-O h6 16. Be3 O-O 17. Rfd1 Rfd8 18. Qc1 Bf8 19. Ne5 Qc7 20. c4 Rac8 21. c5 Nd7 22. Nf3 e5 23. a4 Kh7 24. d5 cxd5 25. exd5+ g6 26. c6 Ba8 27. axb5 Qd6 28. Qb1 Nf6 29. Rxa6 Nxd5 30. Be4 Nc3 31. Rxd6 Nxb1 32. Rxd8 Rxd8 33. h4 Nc3 34. c7 Rc8 35. Rxa8 Rxc7 36. Rxf8 Nxe4 37. Nxe5 Nd6 38. b6 Rb7 39. Bc5 Ne4 40. Bd4 Nd6 41. Nc4 1-0

[Event "Turkish Women-ch Arzum 2022"]
[Site "Ayvalik"]
[Date "2022.03.09"]
[Round "6.27"]
[White "Buyuk, Elvin Esma"]
[Black "Bassari, Senem Gul"]
[Result "1-0"]
[ECO "E61"]
[WhiteElo "1326"]
[BlackElo "1197"]
[Annotator "NA RC"]
[PlyCount "85"]
[EventDate "2022.03.04"]
[EventType "swiss"]
[EventCountry "TUR"]
[SourceTitle "playchess.com"]
[Source "ChessBase"]
[SourceQuality "1"]
[TimeControl "5400+30"]

1. c4 e5 2. Nc3 Nf6 3. e3 d6 4. Nge2 g6 5. g3 Bg7 6. Bg2 O-O 7. d4 Qe7 8. O-O Nc6 9. d5 Nb8 10. e4 Nfd7 11. Be3 f5 12. Qd2 Nf6 13. f3 Qf7 14. b4 Bd7 15. c5 Na6 16. Rab1 Rae8 17. Qd3 h6 18. c6 Bc8 19. Nb5 bxc6 20. Nxa7 Nb8 21. Nxc6 Nxc6 22. dxc6 Qxa2 23. Ra1 Qf7 24. Ra7 Be6 25. Rf2 Rb8 26. Qa3 d5 27. Bc5 Rfd8 28. exf5 gxf5 29. Qa5 Rdc8 30. b5 Qe8 31. f4 e4 32. Nd4 Bf7 33. Nxf5 Ng4 34. Re2 Bf8 35. Bxf8 Qxf8 36. Rxc7 Rxc7 37. Qxc7 Rxb5 38. Ne7+ Kh8 39. Bh3 h5 40. Qd6 Qg7 41. Nf5 Qg8 42. Bxg4 hxg4 43. Qf6+ 1-0

[Event "Turkish Women-ch Arzum 2022"]
[Site "Ayvalik"]
[Date "2022.03.09"]
[Round "6.28"]
[White "Senkal, Defne"]
[Black "Guleryuz, Zeynep"]
[Result "1-0"]
[ECO "B01"]
[WhiteElo "1247"]
[BlackElo "1186"]
[Annotator "NA RC"]
[PlyCount "57"]
[EventDate "2022.03.04"]
[EventType "swiss"]
[EventCountry "TUR"]
[SourceTitle "playchess.com"]
[Source "ChessBase"]
[SourceQuality "1"]
[TimeControl "5400+30"]

1. e4 d5 2. exd5 Nf6 3. d4 Nxd5 4. c4 Nb6 5. Nf3 Bg4 6. Be2 c6 7. b3 e6 8. Bb2 Be7 9. O-O Bxf3 10. Bxf3 Bf6 11. Na3 a5 12. Nc2 N8d7 13. Ne3 a4 14. Qe2 a3 15. Bc3 Nf8 16. Rad1 Ng6 17. Bb4 Nf4 18. Qd2 Nd7 19. Nf5 Qc7 20. Nd6+ Kd8 21. Qxf4 Rg8 22. Nxf7+ Kc8 23. Bd6 Qa5 24. Ne5 g5 25. Qg4 Re8 26. Nxd7 Kxd7 27. c5 Qc3 28. Qh5 Bd8 29. Qf7+ 1-0

[Event "Turkish Women-ch Arzum 2022"]
[Site "Ayvalik"]
[Date "2022.03.09"]
[Round "6.29"]
[White "Engel, Ecrin Tuana"]
[Black "Bodur, Ilke Lal"]
[Result "1/2-1/2"]
[ECO "C50"]
[WhiteElo "1250"]
[BlackElo "1151"]
[Annotator "NA RC"]
[PlyCount "71"]
[EventDate "2022.03.04"]
[EventType "swiss"]
[EventCountry "TUR"]
[SourceTitle "playchess.com"]
[Source "ChessBase"]
[SourceQuality "1"]
[TimeControl "5400+30"]

1. e4 e5 2. Nf3 Nc6 3. d4 exd4 4. Nxd4 d6 5. Nc3 Nf6 6. Bc4 Be7 7. Nb3 O-O 8. O-O a6 9. a4 Be6 10. Nd2 Bxc4 11. Nxc4 Nxe4 12. Nxe4 d5 13. Ncd2 dxe4 14. Nxe4 Qxd1 15. Rxd1 Rad8 16. Bf4 f5 17. Ng3 Bd6 18. Bxd6 Rxd6 19. Rxd6 cxd6 20. Rd1 Rf6 21. c3 g6 22. Nf1 Re6 23. Ne3 f4 24. Nc4 d5 25. Nd2 Kf7 26. Kf1 Ke7 27. Nf3 Rd6 28. Ke2 Re6+ 29. Kd3 Ne5+ 30. Nxe5 Rxe5 31. Rd2 Kd6 32. Re2 Rxe2 33. Kxe2 a5 34. Kd3 Kc5 35. g3 f3 36. b3 1/2-1/2

[Event "Turkish Women-ch Arzum 2022"]
[Site "Ayvalik"]
[Date "2022.03.09"]
[Round "6.30"]
[White "Olmez, Sude"]
[Black "Ozturk, Busra"]
[Result "1-0"]
[ECO "B09"]
[WhiteElo "1170"]
[BlackElo "1100"]
[Annotator "NA RC"]
[PlyCount "75"]
[EventDate "2022.03.04"]
[EventType "swiss"]
[EventCountry "TUR"]
[SourceTitle "playchess.com"]
[Source "ChessBase"]
[SourceQuality "1"]
[TimeControl "5400+30"]

1. d4 d6 2. e4 Nf6 3. Nc3 g6 4. h3 Bg7 5. f4 O-O 6. Nf3 c5 7. Be3 cxd4 8. Nxd4 Re8 9. Nf3 Nc6 10. Qd2 e6 11. O-O-O Re7 12. g4 Qa5 13. a3 Ne8 14. Nb5 Qa4 15. Bd3 a6 16. Nc3 Qa5 17. Nb1 Qxd2+ 18. Nbxd2 f5 19. g5 b5 20. c3 Rc7 21. Kb1 Rb8 22. Nb3 a5 23. Nbd4 Na7 24. Rc1 b4 25. cxb4 axb4 26. a4 Rd7 27. Nxe6 Bh8 28. exf5 gxf5 29. Bd4 Ng7 30. Nxg7 Bxg7 31. Bxf5 Rf7 32. Bxc8 Nxc8 33. Bxg7 Kxg7 34. Nd4 Nb6 35. b3 Nd5 36. f5 Re8 37. Rhe1 Ref8 38. Ne6+ 1-0